 Dungeon Crawl Stone Soup version 0.17-a0-777-g32247ce (webtiles) character file.

603 WayTooX the Insei (level 7, 0/57 HPs)
             Began as a Naga Transmuter on Apr 26, 2015.
             Slain by Duvessa
             ... wielding a +0 short sword
              (11 damage)
             ... on level 4 of the Dungeon.
             The game lasted 00:12:45 (3655 turns).

WayTooX the Insei (Naga Transmuter)                 Turns: 3655, Time: 00:12:45

Health: 0/57       AC:  2    Str: 12    XL:     7   Next: 42%
Magic:  2/10       EV: 19    Int: 13    God:
Gold:   179        SH:  0    Dex: 19    Spells: 3 memorised, 4 levels left

rFire  . . .     SeeInvis +       - Unarmed
rCold  . . .     Clarity  .     (armour currently unavailable)
rNeg   . . .     SustAb   .     (shield currently unavailable)
rPois  .         Gourm    .     (helmet currently unavailable)
rElec  .         Spirit   .     (cloak currently unavailable)
rCorr  .         Warding  .     (gloves currently unavailable)
rMut   .         Stasis   .     (no barding)
MR     .....                    A - amulet of rage
Stlth  ++........               (no ring)
                                n - ring of poison resistance

@: lethally poisoned (0 -> -1), spider-form (expiring), very slightly
contaminated, not resistant to hostile enchantments, unstealthy
A: see invisible, (deformed body), (poison resistance), (slowness 0), slow
metabolism 1, spit poison 2, AC +2
a: Spit Poison, End Transformation, Evoke Berserk Rage


You were on level 4 of the Dungeon.
You were very hungry.
You were a venomous arachnid creature.
You visited 1 branch of the dungeon, and saw 4 of its levels.

You collected 179 gold pieces.

Inventory:

Hand weapons
 f - a +3 hunting sling
Missiles
 a - 45 arrows
 e - 101 stones (quivered)
 g - 28 bolts
 h - 47 sling bullets
 w - 3 tomahawks
 x - 5 javelins
 y - 3 poisoned tomahawks
Armour
 b - a +0 robe (melded)
 q - a +1 cloak (melded)
Jewellery
 n - a ring of poison resistance (left front leg)
 A - an amulet of rage (around neck)
Scrolls
 k - 2 scrolls of fog
 l - 3 scrolls of identify
 m - a scroll of remove curse
 s - a scroll of enchant armour
 u - a scroll of fear
Potions
 j - a potion of might
 o - a potion of ambrosia
 p - a potion of cure mutation {unknown}
 r - 3 potions of brilliance {unknown}
Books
 c - a book of Changes

   Spells                             Type                      Level
   a - Beastly Appendage              Transmutation                1
   b - Sticks to Snakes               Transmutation                2
   c - Spider Form                    Transmutation/Poison         3
   d - Ice Form                       Ice/Transmutation            4
   e - Blade Hands                    Transmutation                5
Comestibles
 d - 3 bread rations
 t - 4 meat rations
 v - a beef jerky


   Skills:
 - Level 1.0 Fighting
 - Level 1.5 Dodging
 + Level 6.2 Unarmed Combat
 - Level 2.0 Spellcasting
 + Level 5.7 Transmutations


You had 4 spell levels left.
You knew the following spells:

 Your Spells              Type           Power        Failure   Level  Hunger
a - Beastly Appendage     Trmt           ###...       10%         1    ##.....
b - Sticks to Snakes      Trmt           ###.......   14%         2    ###....
c - Spider Form           Trmt/Pois      #.........   50%         3    ####...


Dungeon Overview and Level Annotations

Branches:
Dungeon (4/15)
 Temple: D:4-7

Altars:

Shops:
D:4 [

Annotations:
D:4 Duvessa


Innate Abilities, Weirdness & Mutations

You cannot wear boots.
((Your serpentine skin is tough (AC +2).))
You have supernaturally acute eyesight.
((Armour fits poorly on your strangely shaped body.))
((Your system is resistant to poisons.))
((You cover ground very slowly.))
You have a slow metabolism.
You can spit poison.


Message History

The adder bites you.
You are poisoned.
The adder poisons you!
You feel sick. Duvessa closely misses you. Duvessa hits you with a short sword!
* * * LOW HITPOINT WARNING * * *
You feel sick.
Your transformation is almost over.
Duvessa closely misses you.
Things that are here:
a dagger; a robe; the elf corpse of Dowan You feel sick.
Duvessa rages.
Duvessa completely misses you. Duvessa closely misses you.
Drink which item? (? for menu, Esc to quit)
Okay, then.
You feel sick. Duvessa hits you with a short sword!
You die...

#......#
#######......#
#..).........#
#.<..........#
#............# .
#............# ...
#............#
....####'###########
........s...#
.......Se...#
..#.........#
#.........###########
#...................#
#...................#
####................#
#..###).............#
#...................#


You could see Duvessa (berserk) and an adder.

Vanquished Creatures
  Grinder (D:3)
  Eustachio (D:4)
  A phantom (D:4)
  Dowan (D:4)
  A worker ant (D:4)
  3 adders
  A gnoll (D:1)
  An ooze (D:3)
  A worm (D:3)
  3 giant geckos
  6 orcs
  2 giant cockroaches
  3 hobgoblins
  5 jackals (D:3)
  5 kobolds
  3 quokkas
  2 ball pythons (D:1)
  5 bats
  2 giant newts (D:1)
  7 goblins
  7 rats
61 creatures vanquished.

Notes
Turn   | Place    | Note
--------------------------------------------------------------
     0 | D:1      | WayTooX, the Naga Transmuter, began the quest for the Orb.
     0 | D:1      | Reached XP level 1. HP: 18/18 MP: 3/3
    64 | D:1      | Reached XP level 2. HP: 25/25 MP: 3/5
   117 | D:1      | Learned a level 2 spell: Sticks to Snakes
  1006 | D:2      | Reached XP level 3. HP: 8/31 MP: 4/6
  1302 | D:2      | Learned a level 3 spell: Spider Form
  1717 | D:2      | Reached XP level 4. HP: 36/38 MP: 5/7
  1990 | D:3      | Reached skill level 4 in Unarmed Combat
  2302 | D:3      | Noticed Grinder
  2308 | D:3      | Paralysed by Grinder for 7 turns
  2321 | D:3      | Paralysed by Grinder for 3 turns
  2331 | D:3      | Killed Grinder
  2331 | D:3      | Reached skill level 5 in Unarmed Combat
  2331 | D:3      | Reached XP level 5. HP: 18/44 MP: 6/8
  2331 | D:3      | Reached XP level 6. HP: 20/51 MP: 6/9
  3009 | D:4      | Found Idekkeos's Armour Boutique.
  3357 | D:4      | Reached skill level 5 in Transmutations
  3429 | D:4      | Noticed Eustachio
  3543 | D:4      | Killed Eustachio
  3543 | D:4      | Reached skill level 6 in Unarmed Combat
  3543 | D:4      | Reached XP level 7. HP: 46/57 MP: 6/10
  3581 | D:4      | Noticed Dowan
  3591 | D:4      | Killed Dowan
  3639 | D:4      | Noticed Duvessa
  3655 | D:4      | Slain by Duvessa

Action                   |  1- 3 |  4- 6 |  7- 9 || total
-------------------------+-------+-------+-------++-------
Melee: Unarmed           |    61 |   117 |    10 ||   188
 Fire: Hunting sling     |       |    34 |       ||    34
Throw: Stone             |     3 |       |       ||     3
 Cast: Beastly Appendage |    19 |    22 |       ||    41
       Spider Form       |       |     1 |     2 ||     3
 Abil: Spit Poison       |    22 |     8 |       ||    30
  Use: Scroll            |     4 |     2 |       ||     6
       Potion            |       |     3 |       ||     3
  Eat: Chunk             |     3 |     4 |       ||     7
       Pizza             |       |     1 |       ||     1
